 Dungeon Crawl Stone Soup version 0.28.0-43-g3370ac3207 (webtiles) character file.

Game seed: 15560949557368456476

0 Cykl0x the Digger (level 1, 0/10 HPs)
             Began as a Gargoyle Earth Elementalist on Mar 5, 2022.
             Slain by a goblin
             ... wielding a +0 dagger
             ... led by Robin
              (2 damage)
             ... on level 2 of the Dungeon.
             The game lasted 00:00:15 (51 turns).

Cykl0x the Digger (Gargoyle Earth Elementalist)       Turns: 51, Time: 00:00:16

Health: 0/10       AC:  4    Str: 11    XL:     1   Next: 10%
Magic:  1/3        EV: 11    Int: 15    God:
Gold:   0          SH:  0    Dex: 10    Spells: 3/4 levels left

rFire   . . .      SeeInvis .   (no weapon)
rCold   . . .      Faith    .   (no shield)
rNeg    + . .      Spirit   .   b - +0 robe
rPois   ∞          Reflect  .   (no helmet)
rElec   +          Harm     .   (no cloak)
rCorr   .          Rampage  .   (no gloves)
Will    .....                   (no boots)
Stlth   ++........              (no amulet)
HPRegen 0.03/turn               (no ring)
MPRegen 0.08/turn               (no ring)

@: no status effects
A: sickness immunity, AC +2, negative energy resistance 1, electricity
resistance, torment resistance 1, petrification resistance
a: no special abilities


You were on level 2 of the Dungeon.
You visited 1 branch of the dungeon, and saw 2 of its levels.

Inventory:

Missiles
 c - 27 stones
Armour
 b - a +0 robe (worn)


   Skills:
 + Level 1.5 Dodging
 - Level 2.1 Stealth
 + Level 2.0 Spellcasting
 - Level 0.7 Transmutations
 + Level 3.6 Earth Magic


You had 3 spell levels left.
You knew the following spells:

 Your Spells              Type           Power      Damage    Failure   Level
a - Sandblast             Erth           24%        2d8       4%          1

Your spell library contained the following spells:

 Spells                   Type           Power      Damage    Failure   Level
 Passwall                 Tmut/Erth      6%         N/A       14%         2
 Stone Arrow              Conj/Erth      14%        3d7       30%         3
 Petrify                  Tmut/Erth      8%         N/A       65%         4


Dungeon Overview and Level Annotations

Branches:
Dungeon (1/15)

Altars:

Annotations:
D:2 Robin


Innate Abilities, Weirdness & Mutations

You are immune to sickness and miasma.
Your stone body is resilient. (AC +2)
You are immune to poison.
You resist negative energy. (rN+)
You are resistant to electric shocks. (rElec)
You are resistant to unholy torment.
You are immune to petrification.


Message History

Found 5 javelins.
A sourceless malevolence fills the Dungeon...
You fall into a shaft and drop 1 floor!
The shaft crumbles and collapses.
Robin, a hobgoblin, 4 goblins and 2 worms come into view.
Robin is wielding a +0 falchion and carrying a wand of flame (12).
The goblin shouts! x3; You hear a shout!
The blast of sand hits the worm but does no damage.
Robin shouts!
The goblin shouts!
A bat comes into view.
A goblin comes into view. It is wielding a +0 club.
The blast of sand hits the worm!
The worm is heavily wounded.
The goblin shouts!
You hear a shout!
Robin throws the goblin at you! The bat hits you but does no damage.
The goblin closely misses you. The worm bites you.
Ouch! That really hurt!
Robin points. "Kill!"
The bat misses you. The goblin hits you with a +0 club.
* * * LOW HITPOINT WARNING * * *
The goblin hits you but does no damage.
A goblin comes into view. It is wielding a +0 club.
You barely miss the bat. The bat closely misses you.
A hobgoblin comes into view.
The goblin hits you but does no damage. x2
Robin roars a battlecry!
The goblins go into a battle-frenzy!
You hear a shout!
You closely miss the hobgoblin. The bat hits you but does no damage.
The goblin hits you but does no damage.
A hobgoblin comes into view.
The worm bites you.
* * * LOW HITPOINT WARNING * * *
The hobgoblin hits you but does no damage.
The goblin barely misses you. The bat hits you but does no damage.
Robin throws the goblin at you! The goblin closely misses you.
You barely miss the goblin. The bat hits you but does no damage.
The goblin hits you with a +0 dagger.
You die... ##### #...# #...##### #........ ##........ #gwgwg..g.

#g@g......
#ggb...g..
#......g..
#....#####
#....#
#....#
#....#
#....#


You could see 2 worms, Robin, 3 hobgoblins, 6 goblins and a bat.

Vanquished Creatures
  A rat (D:1)
1 creature vanquished.

Notes
Turn   | Place    | Note
-------+----------+-------------------------------------------
     0 | D:1      | Cykl0x the Gargoyle Earth Elementalist began the quest for
                  | the Orb.
     0 | D:1      | Reached XP level 1. HP: 10/10 MP: 3/3
    43 | D:1      | You fall into a shaft and drop 1 floor!
    43 | D:2      | Noticed Robin
    51 | D:2      | Slain by a goblin

Illustrated notes

Levels and vault maps discovered:
D:1:      minmay_arrival_solitary_statue, layout_basic
D:2:      mumra_celtic_spiral_tile, layout_basic, basic_altar, uniq_robin

Action                   || total
-------------------------++-------
Melee: Unarmed           ||     3
 Cast: Sandblast         ||     3
Armor: Robe              ||    11
Dodge: Dodged            ||     5
